AoeStats
← Wolf-Salomon

Oasis

509971354Analyzed
4v4 RM · 2d ago on Sep 28, 2026· 29m 41s· 8 players
Game mode
Random Map
Map size
Large (8 player)
Population
200
Speed
Normal
Resources
Standard
Victory
Conquest
Starting age
Dark Age
Ending age
Imperial Age
RankedLock teamsTeams togetherTeam positionsShared explorationLock speedFull tech treeHidden civsTurbo modeCheats
Victory
Defeat
🇵🇪 Celts · Peru
770
+10
🇦🇷 Celts · Argentina
762
+10
🇬🇧 Portuguese · United Kingdom
759
+11
🇮🇳 Teutons · India
663
+15
🇮🇹 Cumans · Italy
678
-13
🇬🇧 Berbers · United Kingdom
678
-13
🇺🇸 Goths · United States
623
-11
🇨🇱 Jurchens · Chile
554
-9
draisressalent
0:45 Loom
11:25 Feudal Age
11:58 Town Watch
14:48 Double-Bit Axe
14:47 Horse Collar
17:25 Wheelbarrow
20:40 Stone Mining
23:35 Castle Age
22:58 Gold Mining
25:17 Gold Shaft Mining
25:42 Heavy Plow
25:54 Bow Saw
27:00 Ballistics
26:59 Murder Holes
27:30 Masonry
28:56 Capped Ram
Mapuche Mayer
7:08 Loom
9:20 Feudal Age
10:31 Double-Bit Axe
15:32 Horse Collar
20:44 Bloodlines
20:56 Gold Mining
Looting
3:52 Loom
13:41 Feudal Age
14:17 Double-Bit Axe
20:54 Castle Age
19:28 Scale Mail Armor
19:40 Forging
20:38 Gold Mining
20:33 Man-at-Arms
21:22 Long Swordsman
27:02 Pikeman
29:55 Chain Mail Armor
athmaniac
3:35 Loom
12:51 Feudal Age
19:59 Castle Age
21:26 Stone Mining
23:13 Horse Collar
25:37 Stone Shaft Mining
Brido1970
11:11 Feudal Age
9:30 Loom
12:40 Double-Bit Axe
15:05 Forging
17:33 Fletching
22:24 Castle Age
20:43 Horse Collar
24:40 Bow Saw
29:09 Heavy Plow
MiguelAngel
12:55 Feudal Age
13:58 Horse Collar
21:30 Castle Age
20:05 Double-Bit Axe
20:31 Gold Mining
20:35 Stone Mining
23:12 Heavy Plow
27:09 Imperial Age
26:48 Bow Saw
30:33 Wheelbarrow
Wolf-Salomon
3:38 Loom
11:11 Feudal Age
11:43 Double-Bit Axe
14:51 Wheelbarrow
14:47 Horse Collar
19:33 Fletching
25:49 Castle Age
24:01 Stone Mining
24:12 Gold Mining
28:25 Bow Saw
28:16 Heavy Plow
28:46 Husbandry
29:24 Hand Cart
hangover
0:36 Loom
10:19 Feudal Age
11:10 Horse Collar
11:28 Double-Bit Axe
14:53 Gold Mining
23:07 Castle Age
21:09 Man-at-Arms
21:35 Arson
23:29 Long Swordsman
23:55 Gambesons
24:40 Pikeman
Connection lost

Rejoining the realm…

Still unreachable

The connection could not be restored.

Session expired

The server has moved on; the page needs a fresh start.